 Dungeon Crawl Stone Soup version 0.19-a0-790-ge39e1af (webtiles) character file.

7135 RadicalRoach the Grappler (level 10, -1/102 HPs)
             Began as a Troll Hunter on June 26, 2016.
             Was a Priest of Cheibriados.
             Slain by Urug
             ... wielding a +1 great sword of flaming
              (7 damage)
             ... on level 10 of the Dungeon.
             The game lasted 00:26:44 (7715 turns).

RadicalRoach the Grappler (Troll Hunter)            Turns: 7715, Time: 00:26:44

Health: -1/102     AC:  7    Str: 30    XL:     10   Next: 85%
Magic:  7/12       EV: 18    Int: 15    God:    Cheibriados [***...]
Gold:   471        SH:  0    Dex: 26    Spells: 0 memorised, 9 levels left

rFire  . . .     SeeInvis .       - Unarmed
rCold  + . .     Gourm    +     K - +1 robe {rC+}
rNeg   . . .     Faith    .     (no shield)
rPois  .         Spirit   .     (helmet restricted)
rElec  .         Dismiss  .     r - +0 cloak
rCorr  .         Reflect  .     (gloves unavailable)
SustAt .         Harm     .     (boots unavailable)
MR     .....                    (no amulet)
Stlth  +++.......               (no ring)
                                (no ring)

@: agile, very slow, not resistant to hostile enchantments, fairly stealthy
A: unfitting armour, claws 3, fast metabolism 3, gourmand, regeneration 2,
shaggy fur 1, tough skin 2, sturdy frame 1
a: Bend Time, Temporal Distortion, Renounce Religion


You were on level 10 of the Dungeon.
You worshipped Cheibriados.
Cheibriados was most pleased with you.
You were very full.

You visited 2 branches of the dungeon, and saw 11 of its levels.

You collected 557 gold pieces.
You spent 86 gold pieces at shops.

Inventory:

Hand Weapons
 t - a +0 blowgun
Missiles
 u - 39 poisoned needles
 w - 4 large rocks (quivered)
Armour
 r - a +0 cloak (worn)
 K - a +1 robe of cold resistance (worn)
Rods
 j - a +1 iron rod (11/11)
   (You took it off a kobold on level 8 of the Dungeon)
Jewellery
 i - an uncursed ring of wizardry {unknown}
 m - a cursed ring of teleportation {unknown}
 H - an uncursed amulet of rage {unknown}
 M - an uncursed ring of protection from fire {unknown}
 N - an uncursed ring of poison resistance {unknown}
Wands
 C - a wand of disintegration (7/24)
Scrolls
 a - a scroll of recharging {unknown}
 d - a scroll of vulnerability {unknown}
 e - 5 scrolls of teleportation
 g - a scroll of random uselessness {unknown}
 h - a scroll of fog {unknown}
 l - 4 scrolls of magic mapping {unknown}
 p - 2 scrolls of enchant weapon {unknown}
 q - 6 scrolls of identify {unknown}
 y - a scroll of fear {unknown}
 z - 2 scrolls of noise {unknown}
 D - 8 scrolls of remove curse
 F - 2 scrolls of blinking {unknown}
Potions
 b - 3 potions of invisibility {unknown}
 c - 3 potions of haste {unknown}
 s - 2 potions of lignification {unknown}
 v - 3 potions of degeneration
 A - a potion of might
 B - a potion of flight {unknown}
 E - 3 potions of heal wounds {unknown}
 G - a potion of berserk rage {unknown}
 J - a potion of resistance {unknown}
 L - 2 potions of cancellation {unknown}
 O - a potion of ambrosia {unknown}
Comestibles
 f - 4 bread rations
 k - 3 fruits
 n - 3 meat rations
 o - 4 beef jerkies
 I - 9 royal jellies


   Skills:
 - Level 7.4 Fighting
 - Level 8.3 Throwing
 + Level 4.4 Dodging
 - Level 0.4 Stealth
 * Level 9.0 Unarmed Combat
 - Level 5.3 Invocations


You had 9 spell levels left.
You didn't know any spells.

Dungeon Overview and Level Annotations

Branches:
Dungeon (10/15)            Temple (1/1) D:6            Lair (0/6) D:10
    Orc: D:9-12

Altars:
Ashenzari
Cheibriados
Dithmenos
Elyvilon
Fedhas
Gozag
Hepliaklqana
Kikubaaqudgha
Makhleb
Nemelex Xobeh
Qazlal
Ru
Vehumet
Yredelemnul
Zin

Shops:
D:6 }[[%

Annotations:
D:10 Urug


Innate Abilities, Weirdness & Mutations

You are too large for most types of armour.
You have claws for hands.
Your metabolism is lightning-fast.
You like to eat raw meat.
You heal very quickly.
You are covered in fur. (AC +1)
You have very tough skin. (AC +2)
Your movements are slightly less encumbered by armour. (ER -2)


Message History

Unknown command.
Okay, then.
You claw Urug!
Urug is severely wounded.
Urug closely misses you.
Unknown command.
You scratch Urug but do no damage.
Urug is severely wounded.
Unknown command.
You closely miss Urug.
Urug is severely wounded.
Urug hits you with a great sword of flaming!!
Urug burns you!
* * * LOW HITPOINT WARNING * * *
Unknown command.
You feel agile all of a sudden.
Urug hits you with a great sword of flaming!
* * * LOW HITPOINT WARNING * * *
Urug burns you!
You die...

#.......#######.#
.. ######### #.#
.. #.# #. #.# #.
#.# .. #.# .. #.#
..
#############.#
..
.....oho@..##.# .
.###...###....# .
#.... ####.#
#..P.. ....
#.)..h ###...
...(..o .....
.....o. ....
.....o. ... ...


You could see Urug, a warg and an orc.

Vanquished Creatures
  Pikel (D:8)
  A cyclops (D:8)
  Joseph (D:8)
  Maurice (D:8)
  A queen bee (D:9)
  A wyvern (D:8)
  A basilisk (D:9)
  Grum (D:8)
  A hippogriff (D:7)
  A hungry ghost (D:8)
  Menkaure (D:5)
  A warg (D:10)
  A water moccasin (D:9)
  3 sky beasts
  An ice beast (D:9)
  2 orc warriors
  A phantom (D:8)
  3 ogres
  A slave (D:8)
  3 wolves (D:8)
  4 centaurs
  A big kobold (D:8)
  3 giant frogs
  4 scorpions
  29 killer bees
  2 howler monkeys (D:7)
  A crimson imp (D:9)
  2 hounds
  A jelly (D:9)
  8 orc priests
  3 iguanas
  5 orc wizards
  2 giant frog skeletons
  Ijyb (D:2)
  9 worker ants
  Robin (D:2)
  10 adders
  3 gnolls (D:5)
  2 shadow imps
  An adder skeleton (D:4)
  A worm (D:3)
  A dart slug (D:1)
  9 giant geckos
  31 orcs
  A ball python (D:3)
  8 giant cockroaches
  12 hobgoblins
  25 jackals
  8 kobolds
  3 quokkas
  9 bats
  3 giant newts
  14 goblins
  2 quokka skeletons
  7 rats
253 creatures vanquished.

Vanquished Creatures (others)
  A slave (D:8)
  A kobold (D:8)
2 creatures vanquished.

Grand Total: 255 creatures vanquished

Notes
Turn   | Place    | Note
--------------------------------------------------------------
     0 | D:1      | RadicalRoach the Troll Hunter began the quest for the Orb.
     0 | D:1      | Reached XP level 1. HP: 19/19 MP: 0/0
    68 | D:1      | Reached skill level 1 in Unarmed Combat
   253 | D:1      | Reached XP level 2. HP: 27/27 MP: 1/1
   317 | D:1      | Reached skill level 2 in Unarmed Combat
   876 | D:1      | HP: 1/27 [worker ant (5)]
   879 | D:1      | Reached skill level 3 in Unarmed Combat
   879 | D:1      | Reached XP level 3. HP: 2/33 MP: 2/2
   982 | D:2      | Found an opulent altar of Gozag.
   999 | D:2      | Found a snail-covered altar of Cheibriados.
  1019 | D:2      | Became a worshipper of Cheibriados the Contemplative
  1023 | D:2      | Noticed Ijyb
  1050 | D:2      | Killed Ijyb
  1050 | D:2      | Reached XP level 4. HP: 38/41 MP: 3/3
  1088 | D:2      | Reached skill level 4 in Unarmed Combat
  1124 | D:2      | Noticed Robin
  1150 | D:2      | Killed Robin
  1224 | D:2      | Reached * piety under Cheibriados
  1236 | D:2      | Found a sparkling altar of Nemelex Xobeh.
  1715 | D:3      | Found a glowing silver altar of Zin.
  1785 | D:3      | Found a hazy altar of Hepliaklqana.
  1789 | D:3      | Reached XP level 5. HP: 48/48 MP: 4/4
  1798 | D:3      | Reached ** piety under Cheibriados
  1944 | D:3      | Reached skill level 5 in Unarmed Combat
  2060 | D:3      | Found a burning altar of Makhleb.
  2171 | D:3      | Found a radiant altar of Vehumet.
  2374 | D:4      | Noticed an ogre
  2377 | D:4      | Killed an ogre
  2377 | D:4      | Reached skill level 6 in Unarmed Combat
  2377 | D:4      | Reached XP level 6. HP: 42/55 MP: 5/5
  2554 | D:4      | Reached *** piety under Cheibriados
  2682 | D:4      | Found a shadowy altar of Dithmenos.
  3066 | D:5      | Entered Level 5 of the Dungeon
  3134 | D:5      | Noticed Menkaure
  3504 | D:5      | Reached XP level 7. HP: 67/67 MP: 6/6
  3548 | D:5      | Reached **** piety under Cheibriados
  3567 | D:5      | Got an iridescent whip
  3571 | D:5      | Identified the +10 whip of Tyarr {slash, SInv} (You found it on level 5 of the Dungeon)
  3798 | D:5      | Found a shattered altar of Ashenzari.
  3817 | D:5      | Killed Menkaure
  4075 | D:6      | Found a staircase to the Ecumenical Temple.
  4080 | Temple   | Entered the Ecumenical Temple
  4142 | D:6      | Found Diteam's Antique Armour Shoppe.
  4188 | D:6      | Bought a leather armour for 64 gold pieces
  4188 | D:6      | Bought an embroidered robe for 22 gold pieces
  4309 | D:6      | Found Usuchi's Armour Emporium.
  4340 | D:6      | Found a stormy altar of Qazlal.
  4369 | D:6      | Found Luatiq's Gadget Emporium.
  4598 | D:6      | Reached skill level 5 in Fighting
  4622 | D:6      | Found Axoitel's Food Shoppe.
  4883 | D:7      | Found a blossoming altar of Fedhas.
  4913 | D:7      | Reached XP level 8. HP: 72/80 MP: 7/7
  4929 | D:7      | Gained mutation: Your movements are slightly less encumbered by armour. (ER -2) [mutagenic meat]
  4963 | D:7      | Found a white marble altar of Elyvilon.
  5100 | D:7      | Reached skill level 1 in Invocations
  5830 | D:8      | Noticed Maurice
  5934 | D:8      | Reached ***** piety under Cheibriados
  5934 | D:8      | Reached skill level 5 in Invocations
  5934 | D:8      | Reached XP level 9. HP: 31/88 MP: 11/11
  6159 | D:8      | Noticed Joseph
  6161 | D:8      | Killed Joseph
  6161 | D:8      | Reached skill level 7 in Unarmed Combat
  6200 | D:8      | Noticed Pikel
  6207 | D:8      | Killed Pikel
  6240 | D:8      | Reached skill level 8 in Unarmed Combat
  6256 | D:8      | Noticed Grum
  6262 | D:8      | Killed Grum
  6418 | D:8      | Noticed a cyclops
  6429 | D:8      | Killed a cyclops
  6429 | D:8      | Reached XP level 10. HP: 73/102 MP: 12/12
  6512 | D:8      | Killed Maurice
  6858 | D:9      | Reached skill level 5 in Throwing
  6872 | D:9      | Found a basalt altar of Yredelemnul.
  6977 | D:9      | Found an ancient bone altar of Kikubaaqudgha.
  6987 | D:9      | Found a blossoming altar of Fedhas.
  7538 | D:10     | Entered Level 10 of the Dungeon
  7697 | D:10     | Found a staircase to the Lair.
  7697 | D:10     | Noticed Urug
  7710 | D:10     | Reached skill level 9 in Unarmed Combat
  7715 | D:10     | Slain by Urug

Vault maps used:
D:1:      dpeg_arrival_chambers_temple_mockup, minmay_tetromino_t4
D:2:      cheibriados_altar_1, grunt_gozag_statues,
          nicolae_overflow_hidden_temple, uniq_robin, uniq_iyjb
D:3:      zin_scriptorium, lightli_temple_of_fire, lemuel_doored_altar,
          nicolae_overflow_crystal_walls, first_bread
D:4:      nicolae_dithmenos_through_a_glass_darkly,
          minmay_misc_feat_four_crosses
D:5:      cheibrodos_ashenzari_chains, uniq_menkaure
D:6:      serial_shops, shop, shop, shop, kennysheep_mini_moat,
          grunt_qazlal_clouds
D:7:      overflow_temple_1_default, elyvilon_altar_5
D:8:      minmay_misc_feat_enclosed, uniq_maurice, uniq_joseph, uniq_grum,
          uniq_pikel
D:9:      lemuel_round_altar, kiku_gazebo_pond_becter, david_nohive_1,
          fedhas_altar_2
D:10:     erik_lair_orcish_takeover, uniq_urug
Temple:   nicolae_temple_figure_zero

Skill      XL: |  1  2  3  4  5  6  7  8  9 10 |
---------------+-------------------------------+-----
Unarmed Combat | 1 3 4 6 8 9 |  9.0
Fighting       | 3 5 7 |  7.4
Dodging        | 3 4 |  4.4
Invocations    | 5 |  5.3
Throwing       | 8 |  8.3
Stealth        | |  0.4

Action                   |  1- 3 |  4- 6 |  7- 9 | 10-12 || total
-------------------------+-------+-------+-------+-------++-------
Melee: Unarmed           |   105 |   187 |   136 |   122 ||   550
       Punch             |     1 |     3 |     3 |     9 ||    16
Throw: Large rock        |       |    15 |    25 |    10 ||    50
       Throwing net      |       |       |     3 |       ||     3
Invok: Slouch            |       |       |     5 |     5 ||    10
Evoke: Wand              |       |     2 |       |       ||     2
  Use: Scroll            |       |       |     3 |       ||     3
       Potion            |       |       |     3 |     1 ||     4
 Stab: Sleeping          |     1 |     5 |     7 |     1 ||    14
       Distracted        |       |       |     1 |     1 ||     2
  Eat: Chunk             |    10 |    20 |    19 |    12 ||    61
Armor: Robe              |    52 |     9 |    22 |    42 ||   125
       Animal skin       |       |    47 |     8 |       ||    55
Dodge: Dodged            |    42 |    84 |    89 |    68 ||   283
